 Dungeon Crawl Stone Soup version 0.28-a0-948-gee6e0bcda6 (webtiles) character file.

Game seed: 17455178185255936521

3971 Decritt the Fighter (level 10, 0/94 HPs)
             Began as a Minotaur Fighter on Nov 29, 2021.
             Was an Initiate of Gozag.
             Slain by a 16-headed hydra (1 damage)
             ... on level 9 of the Dungeon on Nov 30, 2021.
             The game lasted 00:18:37 (7679 turns).

Decritt the Fighter (Minotaur Fighter)              Turns: 7679, Time: 00:18:37

Health: 0/94       AC: 15    Str: 24    XL:     10   Next: 2%
Magic:  9/9        EV: 13    Int:  5    God:    Gozag
Gold:   702        SH:  5    Dex: 16    Spells: 9/9 levels left

rFire   . . .      SeeInvis .   G - +7 falchion "Bufiocwo" {spect, *Rage Will+ Str+2 Dex+4}
rCold   + . .      Faith    .   c - +0 buckler
rNeg    + . .      Spirit   .   I - +0 swamp dragon scales
rPois   +          Reflect  .   (helmet restricted)
rElec   .          Harm     .   D - +0 cloak {Stlth+}
rCorr   .          Rampage  .   z - +3 pair of gloves of Zin's Supremacy {*Slow rC+ Stlth+}
Will    +....      Rage     20% (no boots)
Stlth   +++.......              (no amulet)
HPRegen 0.25/turn               q - ring of positive energy
MPRegen 0.11/turn               v - ring of flight

@: on berserk cooldown, flying, slowed, very slow
A: horns 2, retaliatory headbutt
a: Renounce Religion, Potion Petition, Call Merchant, Bribe Branch


You were on level 9 of the Dungeon.
You worshipped Gozag.
Gozag was pleased with you.
You visited 2 branches of the dungeon, and saw 10 of its levels.

You collected 746 gold pieces.
You paid 44 gold pieces to Gozag.

Inventory:

Hand Weapons
 a - a +0 war axe
 G - the +7 falchion "Bufiocwo" (weapon) {spect, *Rage Will+ Str+2 Dex+4}
   (You took it off a goblin on level 7 of the Dungeon)

   When its wielder attacks, the weapon's spirit leaps out and strikes again.
   The spirit shares a part of any damage it takes with its wielder.
   Str:       It affects your strength (+2).
   Dex:       It affects your dexterity (+4).
   *Rage:     It berserks you when you make melee attacks (+20% chance).
   Will:      It increases your willpower.
 J - a +0 vorpal broad axe
Missiles
 f - 3 throwing nets (quivered)
 k - 23 poisoned darts
 B - 6 javelins
Armour
 b - a +0 scale mail
 c - a +0 buckler (worn)
 z - the +3 pair of gloves of Zin's Supremacy (worn) {*Slow rC+ Stlth+}
   (You found it on level 6 of the Dungeon)

   rC:        It protects you from cold.
   *Slow:     It may slow you when you take damage.
   Stlth:     It makes you more stealthy.
 C - a +0 plate armour
 D - a +0 cloak of stealth (worn)
 I - +0 swamp dragon scales (worn)
Jewellery
 q - a ring of positive energy (left hand)
 u - a +6 ring of intelligence
 v - a ring of flight (right hand)
Wands
 t - a wand of polymorph (6)
 w - a wand of acid (8)
 y - a wand of iceblast (3)
 H - a wand of paralysis (7)
Scrolls
 j - 3 scrolls of immolation
 o - a scroll of magic mapping
 p - 3 scrolls of teleportation
Potions
 d - 2 potions of might
 e - a potion of heal wounds {unknown}
 g - 4 potions of curing
 h - a potion of haste
 i - a potion of degeneration {unknown}
 m - 2 potions of flight
 n - 4 potions of lignification
 s - a potion of mutation
 E - a potion of ambrosia


   Skills:
 * Level 10.6 Fighting
 * Level 10.2 Axes
 - Level 3.7 Throwing
 + Level 7.8 Armour
 + Level 4.5 Dodging
 - Level 4.1 Shields


You had 9 spell levels left.
You didn't know any spells.
Your spell library was empty.

Dungeon Overview and Level Annotations

Branches:
Dungeon (8/15)             Temple (1/1) D:4
   Lair: D:8-11

Altars:
Ashenzari
Cheibriados
Dithmenos
Elyvilon
Fedhas
Gozag
Hepliaklqana
Kikubaaqudgha
Makhleb
Nemelex Xobeh
Okawaru
Qazlal
Ru
Sif Muna
Trog
Uskayaw
Vehumet
Wu Jian
Xom
Yredelemnul
Zin
The Shining One


Innate Abilities, Weirdness & Mutations

You have a pair of horns on your head.
You reflexively headbutt those who attack you in melee.


Message History

* * * LOW HITPOINT WARNING * * *
The 15-headed hydra bites your +7 falchion "Bufiocwo" {spect, *Rage Will+ Str+2 Dex+4}!
Your spectral weapon shares its damage with you!
* * * LOW HITPOINT WARNING * * *
The 15-headed hydra completely misses your +7 falchion "Bufiocwo" {spect, *Rage Will+ Str+2 Dex+4}. x3
The 15-headed hydra barely misses your +7 falchion "Bufiocwo" {spect, *Rage Will+ Str+2 Dex+4}.
The 15-headed hydra misses your +7 falchion "Bufiocwo" {spect, *Rage Will+ Str+2 Dex+4}.
The 15-headed hydra bites your +7 falchion "Bufiocwo" {spect, *Rage Will+ Str+2 Dex+4}!
Your +7 falchion "Bufiocwo" {spect, *Rage Will+ Str+2 Dex+4} fades away.
The 15-headed hydra bites you but does no damage.
The 15-headed hydra closely misses you. x2; The 15-headed hydra bites you!
* * * LOW HITPOINT WARNING * * *
The 15-headed hydra bites you!
* * * LOW HITPOINT WARNING * * *
The 15-headed hydra closely misses you.
You barely miss the 15-headed hydra. You headbutt the 15-headed hydra.
The 15-headed hydra is severely wounded.
Your +7 falchion "Bufiocwo" {spect, *Rage Will+ Str+2 Dex+4} hits the 15-headed hydra.
Your +7 falchion "Bufiocwo" {spect, *Rage Will+ Str+2 Dex+4} lops one of the 15-headed hydra's heads off!
The 14-headed hydra grows two more!
Something hits you but does no damage. You block the 16-headed hydra's attack.
The 16-headed hydra closely misses you. The 16-headed hydra barely misses you.
The 16-headed hydra completely misses you.
The 16-headed hydra misses you.
The 16-headed hydra bites you but does no damage.
The 16-headed hydra closely misses you. You block the 16-headed hydra's attack.
The 16-headed hydra bites you but does no damage. x3
The 16-headed hydra barely misses you. The 16-headed hydra closely misses you.
The 16-headed hydra bites you!
* * * LOW HITPOINT WARNING * * *
The 16-headed hydra closely misses you. You block the 16-headed hydra's attack.
Something hits you but does no damage. The 16-headed hydra misses you.
You furiously retaliate!
You headbutt the 16-headed hydra. The 16-headed hydra closely misses you.
The 16-headed hydra misses you. You block the 16-headed hydra's attack.
The 16-headed hydra bites you!
* * * LOW HITPOINT WARNING * * *
The 16-headed hydra bites you but does no damage.
The 16-headed hydra barely misses you. The 16-headed hydra bites you.
You die...
Your body crumbles into a pile of gold.

..........###....##
..................#
.......######.....#
.......#####......#
.......#......##..# ##
.......#.###.$....##..#
.......#.###....$.....##
.......#......$.$.......
########.#####.{@(..##.
#...D..# ###....#
....... #.......#
......... #.......#
........#


You could see a 16-headed hydra and a friendly +7 falchion "Bufiocwo" {spect,
*Rage Will+ Str+2 Dex+4} (summoned).

Vanquished Creatures
  A two-headed ogre (D:9)
  Maggie (D:7)
  Grinder (D:6)
  5 yaks (D:8)
  A sky beast (D:3)
  2 orc warriors
  An ogre (D:4)
  2 phantoms
  Blork the orc (D:4)
  2 elf zombies (D:7)
  A kobold brigand (D:8)
  3 bullfrogs
  2 elf skeletons (D:7)
  A wyvern zombie (D:7)
  4 killer bees (D:7)
  2 centaur zombies (D:9)
  5 orc priests
  A jelly (D:7)
  3 hounds
  A human zombie (D:7)
  Crazy Yiuf (D:7)
  5 orc wizards
  3 iguanas
  2 killer bee zombies
  A hound skeleton (D:4)
  7 gnolls
  6 adders
  A white imp (D:7)
  2 worms (D:2)
  2 dart slugs
  12 orcs
  6 ball pythons
  3 endoplasms
  3 giant cockroaches
  11 goblins
  7 hobgoblins
  7 jackals
  4 quokkas
  6 bats
  3 frilled lizards
  16 kobolds
  An orc skeleton (D:7)
  8 rats
157 creatures vanquished.

Vanquished Creatures (others)
  Ijyb (D:5)
  An ufetubus (D:7)
  An orc (D:8)
3 creatures vanquished.

Grand Total: 160 creatures vanquished

Notes
Turn   | Place    | Note
-------+----------+-------------------------------------------
     0 | D:1      | Decritt the Minotaur Fighter began the quest for the Orb.
     0 | D:1      | Reached XP level 1. HP: 19/19 MP: 0/0
   156 | D:1      | Reached XP level 2. HP: 27/27 MP: 1/1
   456 | D:1      | Reached XP level 3. HP: 33/33 MP: 2/2
   970 | D:2      | Upgraded the game from 0.28-a0-941-g140ffa10cf to
                  | 0.28-a0-948-gee6e0bcda6
  1425 | D:2      | Reached XP level 4. HP: 41/41 MP: 3/3
  1520 | D:2      | Found a faded altar of an unknown god.
  1671 | D:3      | Noticed a sky beast
  1678 | D:3      | Killed a sky beast
  1679 | D:3      | Reached skill level 5 in Fighting
  1679 | D:3      | Reached skill level 1 in Dodging
  1679 | D:3      | Reached XP level 5. HP: 31/48 MP: 4/4
  2068 | D:3      | Reached XP level 6. HP: 22/56 MP: 5/5
  2494 | D:3      | Reached skill level 5 in Axes
  2673 | D:3      | Reached skill level 1 in Throwing
  2950 | D:4      | Found a sacrificial altar of Ru.
  2981 | D:4      | Reached skill level 5 in Armour
  3066 | D:4      | Found a staircase to the Ecumenical Temple.
  3136 | D:4      | Noticed Blork the orc
  3147 | D:4      | Killed Blork the orc
  3148 | D:4      | Reached XP level 7. HP: 51/63 MP: 6/6
  3693 | Temple   | Entered the Ecumenical Temple
  4009 | Temple   | Became a worshipper of Gozag Ym Sagoz the Greedy
  4099 | D:5      | Entered Level 5 of the Dungeon
  4614 | D:5      | Noticed Ijyb
  4617 | D:5      | Killed Ijyb
  5084 | D:6      | Identified the +3 pair of gloves of Zin's Supremacy {*Slow
                  | rC+ Stlth+}
  5215 | D:6      | Noticed Grinder
  5224 | D:6      | Killed Grinder
  5225 | D:6      | Reached XP level 8. HP: 73/73 MP: 7/7
  5845 | D:7      | Found a runed translucent door.
  5846 | D:7      | Noticed Crazy Yiuf
  5852 | D:7      | Killed Crazy Yiuf
  6186 | D:7      | Noticed Maggie
  6191 | D:7      | Paralysed by Maggie for 6 turns
  6356 | D:7      | Identified the +7 falchion "Bufiocwo" {spect, *Rage Will+
                  | Str+2 Dex+4}
  6647 | D:7      | Found a sparkling altar of Nemelex Xobeh.
  6671 | D:7      | Killed Maggie
  6672 | D:7      | Reached XP level 9. HP: 65/83 MP: 8/8
  7471 | D:8      | Reached skill level 10 in Fighting
  7570 | D:8      | You are sucked into a shaft and drop 1 floor!
  7570 | D:9      | Noticed a two-headed ogre
  7573 | D:9      | Killed a two-headed ogre
  7574 | D:9      | Reached skill level 10 in Axes
  7666 | D:9      | Reached XP level 10. HP: 94/94 MP: 9/9
  7667 | D:9      | Noticed a five-headed hydra
  7679 | D:9      | HP: 1/94 [16-headed hydra (7)]
  7679 | D:9      | Slain by a 16-headed hydra

Illustrated notes

Levels and vault maps discovered:
D:1:      dpeg_arrival_round_c, layout_basic
D:2:      layout_loops_corners, shapermc_ecumenical_altar_notcrosses,
          serial_glass, glass_columns_b, glass_columns_c,
          minmay_strange_pillars, item_on_display_a, feat_on_display
D:3:      layout_loops_cross
D:4:      layout_basic, mainiacjoe_overflow_alcove_1, temple_doors_cd,
          uniq_blork_the_orc
D:5:      layout_loops_ring, dk_rats_in_the_wall, uniq_ijyb
D:6:      layout_loops_ring, uniq_grinder
D:7:      layout_cave_pools, general_overflow_altar,
          nicolae_ossuary_entry_catacombs, enter_bailey_3, uniq_maggie,
          uniq_crazy_yiuf_cottage
D:8:      wad_crossroads, layout_basic
D:9:      layout_basic, lair_entry_dummy, uniq_maurice
Temple:   mainiacjoe_temple_cubbyholes

Skill      XL: |  1  2  3  4  5  6  7  8  9 |
---------------+----------------------------+-----
Fighting       | 4 5 6 7 9 10 | 10.6
Axes           | 3 4 5 6 8 10 | 10.2
Shields        | 4 |  4.1
Armour         | 4 5 6 7 |  7.8
Dodging        | 1 2 4 |  4.5
Throwing       | 1 2 3 |  3.7

Action                   |  1- 3 |  4- 6 |  7- 9 | 10-12 || total
-------------------------+-------+-------+-------+-------++-------
Melee: War axe           |   101 |    83 |   150 |       ||   334
       Headbutt          |    15 |    16 |    46 |     5 ||    82
       Falchion          |       |       |    53 |    11 ||    64
Throw: Dart              |    59 |       |       |       ||    59
       Boomerang         |       |    23 |     9 |       ||    32
  Use: Scroll            |       |       |    18 |       ||    18
       Potion            |       |       |     2 |       ||     2
 Stab: Distracted        |       |       |     1 |       ||     1
Armor: Scale mail        |    41 |    31 |    20 |       ||    92
       Plate armour      |       |       |   107 |       ||   107
       Swamp dragon scal |       |       |    12 |    19 ||    31
Dodge: Dodged            |    47 |    37 |    91 |    35 ||   210
Block: Buckler           |    32 |    19 |    51 |    10 ||   112

Table legend: (Time is in decaauts)
 A = Elapsed time spent in this place.
 B = Non-inter-level travel time spent in this place.
 C = Inter-level travel time spent in this place.
 D = Time resting spent in this place.
 E = Time spent auto-exploring this place.
 F = Levels seen in this place.
 G = Mean time per level.
                   A        B        C        D        E       F      G
               +--------+--------+--------+--------+--------+-----+--------+
         Total |   7829 |   7581 |    248 |    969 |   5178 |  10 |  782.9 |
       Dungeon |   7469 |   7264 |    205 |    969 |   4890 |   9 |  829.9 |
        Temple |    359 |    316 |     43 |      0 |    288 |   1 |  359.0 |
               +--------+--------+--------+--------+--------+-----+--------+

Top non-repeatable levels by time:
     D:7: 1626 daAuts
     D:3: 1261 daAuts
     D:2: 1001 daAuts
     D:4: 835 daAuts
     D:5: 775 daAuts
     D:1: 706 daAuts
     D:6: 594 daAuts
     D:8: 546 daAuts
  Temple: 359 daAuts
     D:9: 122 daAuts
